 Dungeon Crawl Stone Soup version 0.28-a0-1241-gf280a0fbb2 (webtiles) character file.

Game seed: 5121430488689532256

0 Gargoyl the Skirmisher (level 1, -6/23 HPs)
             Began as a Gnoll Abyssal Knight on Dec 26, 2021.
             Was a Follower of Lugonu.
             Blown up by an orb spider (shapeshifter) (26 damage)
             ... with a wavering orb of destruction
             ... on level 1 of the Abyss.
             The game lasted 00:00:21 (107 turns).

Gargoyl the Skirmisher (Gnoll Abyssal Knight)        Turns: 107, Time: 00:00:21

Health: -6/23      AC:  3    Str: 12    XL:     1   Next: 0%
Magic:  3/3        EV: 12    Int:  9    God:    Lugonu [*.....]
Gold:   0          SH:  0    Dex: 12    Spells: 0/0 levels left

rFire   . . .      SeeInvis .   a - +1 hand axe
rCold   . . .      Faith    .   (no shield)
rNeg    . . .      Spirit   .   b - +0 leather armour
rPois   .          Reflect  .   (no helmet)
rElec   .          Harm     .   (no cloak)
rCorr   .          Rampage  .   (no gloves)
Will    .....                   (no boots)
Stlth   +.........              (no amulet)
HPRegen 0.07/turn               (no ring)
MPRegen 0.08/turn               (no ring)

@: brilliant
A: fangs 1, strong nose, distributed training
a: Renounce Religion, Depart the Abyss


You were on level 1 of the Abyss.
You worshipped Lugonu.
Lugonu was aware of your devotion.
You visited 0 branches of the dungeon, and saw 0 of its levels.
You visited the Abyss 1 time.

Inventory:

Hand Weapons
 a - a +1 hand axe (weapon)
Armour
 b - a +0 leather armour (worn)


   Skills:
 + Level 6.4 Fighting
 + Level 0.0 Short Blades
 + Level 0.0 Long Blades
 + Level 4.4 Axes
 + Level 0.0 Maces & Flails
 + Level 0.0 Polearms
 + Level 0.0 Staves
 + Level 0.0 Slings
 + Level 0.0 Bows
 + Level 0.0 Crossbows
 + Level 0.0 Throwing
 + Level 4.4 Armour
 + Level 2.3 Dodging
 + Level 0.0 Stealth
 + Level 0.0 Shields
 + Level 0.0 Unarmed Combat
 + Level 0.0 Spellcasting
 + Level 0.0 Conjurations
 + Level 0.0 Hexes
 + Level 0.0 Summonings
 + Level 0.0 Necromancy
 + Level 0.0 Translocations
 + Level 0.0 Transmutations
 + Level 0.0 Fire Magic
 + Level 0.0 Ice Magic
 + Level 0.0 Air Magic
 + Level 0.0 Earth Magic
 + Level 0.0 Poison Magic
 + Level 4.4 Invocations
 + Level 0.0 Evocations


You couldn't memorise any spells.
You didn't know any spells.
Your spell library was empty.

Dungeon Overview and Level Annotations

Branches:
Dungeon (0/15)

Altars:


Innate Abilities, Weirdness & Mutations

You have very sharp teeth.
Your uncanny sense of smell can sniff out nearby items.
Your experience applies equally to all skills.


Message History

Welcome, Gargoyl the Gnoll Abyssal Knight.
Below lies the Orb of Zot, rumoured to be powerful enough to resurrect a god...
Lugonu says: Depart the Abyss and spread corruption, my servant! (use the ability menu to exit the Abyss) Press ? for a list of commands and other information.
Found 29 stones.
Found a corrupted altar of Lugonu.
Found a gateway leading out of the Abyss.
Found a gateway leading deeper into the Abyss.
Tentacles burst out of the water! 4 tentacles come into view.
There are monsters nearby!
The tentacle closely misses you. The tentacle slaps you!
Found a club.
Found a fuming grey potion.
c - a fuming grey potion It was a potion of brilliance.
You feel clever all of a sudden.
An orb spider comes into view.
The orb spider hisses angrily.
The orb spider barely misses you.
The orb spider pulsates with a strange energy.
The orb spider weaves a glowing orb of energy.
An orb of destruction comes into view.
The orb spider begins to weave its threads into a brightly glowing ball.
The orb spider weaves a glowing orb of energy.
An orb of destruction comes into view.
The wavering orb of destruction hits you!!
Ouch! That really hurt!
You die...

#......#..##
. #...# ..
...#.#..#...
..##
#..#s.##..##
.# ###
#...##### #
#. ..## ####
.# #..s #.#
#### .s# ∆
###☼# ∆ #@##
### ∆


You could see an orb spider.

Vanquished Creatures (others)
  4 tentacles (Abyss:1)
4 creatures vanquished.

Notes
Turn   | Place    | Note
-------+----------+-------------------------------------------
     0 | Abyss:1  | Gargoyl the Gnoll Abyssal Knight began the quest for the
                  | Orb.
     0 | Abyss:1  | Reached XP level 1. HP: 23/23 MP: 3/3
    48 | Abyss:1  | Noticed a kraken
    83 | Abyss:1  | Noticed an orb spider
   107 | Abyss:1  | Blown up by an orb spider (shapeshifter)

Illustrated notes

Levels and vault maps discovered:
Abyss:1:  base: Temple, base:
Temple

Action                   || total
-------------------------++-------
  Use: Potion            ||     1
Dodge: Dodged            ||     2

Table legend: (Time is in decaauts)
 A = Elapsed time spent in this place.
 B = Non-inter-level travel time spent in this place.
 C = Inter-level travel time spent in this place.
 D = Time resting spent in this place.
 E = Time spent auto-exploring this place.
 F = Levels seen in this place.
 G = Mean time per level.
                   A        B        C        D        E       F      G
               +--------+--------+--------+--------+--------+-----+--------+
         Total |    107 |    107 |      0 |      0 |     53 |   1 |  107.0 |
         Abyss |    107 |    107 |      0 |      0 |     53 |   1 |  107.0 |
               +--------+--------+--------+--------+--------+-----+--------+

Top non-repeatable levels by time:
 Abyss:1: 107 daAuts
